MLB
MILWAUKEE BREWERS @ PHILADELPHIA PHILLIES
05/22/2098
 
TOP OF THE 1ST
Milwaukee Brewers batting - Pitching for Philadelphia Phillies : RHP Chris Windows
Pitching: RHP Chris Windows
Batting: RHB Byron Weaver 0-0: SINGLE (Line Drive, 4D, EV 106.9 MPH)
Batting: LHB Alex Cruz 0-0: Ball
1-0: Ball
2-0: Called Strike
2-1: Foul Ball, location: 2F
2-2: Strikes out swinging
Batting: RHB Joe Hardie 0-0: Ball
Byron Weaver steals 2nd base (no throw)
1-0: Ball
2-0: Ball
3-0: Called Strike
3-1: Base on Balls
Batting: LHB Ron Lenz 0-0: Ball
1-0: Called Strike
1-1: Foul Ball, location: 2F
1-2: Ball
2-2: Grounds into double play, 4-6-3 (Groundball, 34, EV 86.9 MPH)
Top of the 1st over - 0 runs, 1 hit, 0 errors, 1 left on base; Milwaukee 0 - Philadelphia 0
BOTTOM OF THE 1ST
Philadelphia Phillies batting - Pitching for Milwaukee Brewers : RHP Jay Wells
Pitching: RHP Jay Wells
Batting: SHB Tim Spotton 0-0: Ball
1-0: Ball
2-0: Foul Ball, location: 2F
2-1: Ball
3-1: Ground out U3 (Groundball, 3S, EV 85.6 MPH)
Batting: RHB Ryan Klepper 0-0: Ball
1-0: Fly out, F8 (Flyball, 8LD, EV 91.3 MPH)
Batting: SHB Pete Ray 0-0: Foul Ball, location: 2RF
0-1: Fly out, F9 (Flyball, 9LSF, EV 95.6 MPH)
Bottom of the 1st over - 0 runs, 0 hits, 0 errors, 0 left on base; Milwaukee 0 - Philadelphia 0
TOP OF THE 2ND
Milwaukee Brewers batting - Pitching for Philadelphia Phillies : RHP Chris Windows
Batting: RHB Johnny Curet 0-0: Called Strike
0-1: Fly out, F7 (Flyball, 7D, EV 108.8 MPH)
Batting: LHB Alex Miranda 0-0: Called Strike
0-1: Bunt missed!
0-2: Fly out, F8 (Flyball, 8LD, EV 85.0 MPH)
Batting: SHB Jamie Saxton 0-0: Called Strike
0-1: Called Strike
0-2: Foul Ball, location: 2F
0-2: Ball
1-2: SINGLE (Line Drive, 8LS, EV 104.4 MPH)
Pitching: RHP Erik Roth
Batting: SHB Melvin Amezcua 0-0: Ground out U3 (Groundball, 3S, EV 68.1 MPH)
Top of the 2nd over - 0 runs, 1 hit, 0 errors, 1 left on base; Milwaukee 0 - Philadelphia 0
BOTTOM OF THE 2ND
Philadelphia Phillies batting - Pitching for Milwaukee Brewers : RHP Jay Wells
Batting: RHB Luis Esquivel 0-0: Ball
1-0: Swinging Strike
1-1: Foul Ball, location: 3F
1-2: Ball
2-2: Ball
3-2: SINGLE (Line Drive, 6MD, EV 94.4 MPH)
Batting: RHB Vicente Vargas 0-0: Ball
1-0: Fly out, F6 (Popup, 6MD, EV 64.4 MPH)
Batting: RHB Chad Larson 0-0: Ball
1-0: SINGLE (Groundball, 34D, EV 97.5 MPH)
Luis Esquivel to second
Runner from 2nd tries for 3rd, SAFE, no throw by RF
Batting: RHB Allan Alessi 0-0: Called Strike
0-1: DOUBLE (Line Drive, 7LS, EV 94.4 MPH)
Luis Esquivel scores
Chad Larson to third
Batting: RHB Aaron Marler 0-0: Ball
1-0: Foul Ball, location: 2F
1-1: Foul Ball, location: 23FF
1-2: SINGLE (Flyball, 56D, EV 91.3 MPH)
Chad Larson scores
Allan Alessi to third
Batting: RHB Josh Hester 0-0: Ball
1-0: Foul Ball, location: 2F
1-1: Ball
2-1: Ball
3-1: SINGLE (Groundball, 13, EV 83.1 MPH) (infield hit)
Allan Alessi scores
Aaron Marler to second
Batting: SHB Tim Spotton 0-0: Called Strike
0-1: Fly out, F8 (Flyball, 8RD, EV 101.3 MPH)
Batting: RHB Ryan Klepper 0-0: Fly out, F4 (Popup, 34, EV 69.4 MPH)
Bottom of the 2nd over - 3 runs, 5 hits, 0 errors, 2 left on base; Milwaukee 0 - Philadelphia 3
TOP OF THE 3RD
Milwaukee Brewers batting - Pitching for Philadelphia Phillies : RHP Erik Roth
Batting: SHB Josh Harder 0-0: Called Strike
0-1: Ball
1-1: Ball
2-1: Foul Ball, location: 2F
2-2: SINGLE (Line Drive, 7LS, EV 97.5 MPH)
Batting: RHB Byron Weaver 0-0: Called Strike
0-1: Foul Ball, location: 2RF
0-2: Strikes out looking
Batting: LHB Alex Cruz 0-0: Fly out, F5 (Popup, 5SF, EV 86.9 MPH)
Batting: RHB Joe Hardie 0-0: Ball
1-0: Foul Ball, location: 9LSF
1-1: Foul Ball, location: 5FF
1-2: Fielders Choice at 2nd, 5-4 (Groundball, 56, EV 81.3 MPH)
Top of the 3rd over - 0 runs, 1 hit, 0 errors, 1 left on base; Milwaukee 0 - Philadelphia 3
BOTTOM OF THE 3RD
Philadelphia Phillies batting - Pitching for Milwaukee Brewers : RHP Jay Wells
Batting: SHB Pete Ray 0-0: Called Strike
0-1: Foul Ball, location: 2F
0-2: Ball
1-2: Fly out, F9 (Flyball, 89D, EV 106.3 MPH)
Batting: RHB Luis Esquivel 0-0: Ball
1-0: Ball
2-0: Foul Ball, location: 5DF
2-1: Ball
3-1: Base on Balls
Batting: RHB Vicente Vargas 0-0: Called Strike
0-1: Ball
1-1: Foul Ball, location: 2F
1-2: Fly out, F7 (Flyball, 78XD, EV 82.5 MPH)
Batting: RHB Chad Larson 0-0: Ball
Luis Esquivel steals 2nd base
1-0: Ball
2-0: Fly out, F8 (Flyball, 8LXD, EV 103.1 MPH)
Bottom of the 3rd over - 0 runs, 0 hits, 0 errors, 1 left on base; Milwaukee 0 - Philadelphia 3
TOP OF THE 4TH
Milwaukee Brewers batting - Pitching for Philadelphia Phillies : RHP Erik Roth
Batting: LHB Ron Lenz 0-0: Called Strike
0-1: Fly out, F2 (Popup, 2RF, EV 88.1 MPH)
Batting: RHB Johnny Curet 0-0: Fly out, F7 (Line Drive, 7, EV 89.4 MPH)
Batting: LHB Alex Miranda 0-0: Fly out, F6 (Popup, 15S, EV 89.4 MPH)
Top of the 4th over - 0 runs, 0 hits, 0 errors, 0 left on base; Milwaukee 0 - Philadelphia 3
BOTTOM OF THE 4TH
Philadelphia Phillies batting - Pitching for Milwaukee Brewers : RHP Jay Wells
Batting: RHB Allan Alessi 0-0: Foul Ball, location: 5F
0-1: Ball
1-1: Ball
2-1: Ball
3-1: Called Strike
3-2: Foul Ball, location: 3F
3-2: Fly out, F9 (Flyball, 9S, EV 79.4 MPH)
Batting: RHB Aaron Marler 0-0: Called Strike
0-1: Swinging Strike
0-2: Strikes out looking
Batting: RHB Josh Hester 0-0: Called Strike
0-1: Foul Ball, location: 2F
0-2: Ball
1-2: Ball
2-2: Strikes out swinging
Bottom of the 4th over - 0 runs, 0 hits, 0 errors, 0 left on base; Milwaukee 0 - Philadelphia 3
TOP OF THE 5TH
Milwaukee Brewers batting - Pitching for Philadelphia Phillies : RHP Erik Roth
Batting: SHB Jamie Saxton 0-0: Ball
1-0: Ball
2-0: Ball
3-0: Called Strike
3-1: Fly out, F7 (Flyball, 78M, EV 88.8 MPH)
Batting: SHB Melvin Amezcua 0-0: Foul Ball, location: 2F
0-1: Swinging Strike
0-2: SINGLE (Line Drive, 9S, EV 91.3 MPH)
Batting: SHB Josh Harder 0-0: Called Strike
0-1: Ball
1-1: Foul Ball, location: 3F
1-2: Ball
2-2: Foul Ball, location: 2F
2-2: Grounds into double play, 6-4-3 (Groundball, 6, EV 85.6 MPH)
Top of the 5th over - 0 runs, 1 hit, 0 errors, 0 left on base; Milwaukee 0 - Philadelphia 3
BOTTOM OF THE 5TH
Philadelphia Phillies batting - Pitching for Milwaukee Brewers : RHP Jay Wells
Batting: SHB Tim Spotton 0-0: Ground out 5-3 (Groundball, 5, EV 99.4 MPH)
Pitching: LHP Mario Cisneros
Batting: RHB Ryan Klepper 0-0: Ball
1-0: Called Strike
1-1: Ground out 4-3 (Groundball, 4, EV 107.5 MPH)
Batting: SHB Pete Ray 0-0: Ball
1-0: Fly out, F4 (Popup, 34, EV 58.8 MPH)
Bottom of the 5th over - 0 runs, 0 hits, 0 errors, 0 left on base; Milwaukee 0 - Philadelphia 3
TOP OF THE 6TH
Milwaukee Brewers batting - Pitching for Philadelphia Phillies : RHP Erik Roth
Batting: RHB Byron Weaver 0-0: Foul Ball, location: 9LSF
0-1: Ball
1-1: SOLO HOME RUN (Flyball, 78XD, EV 110.0 MPH), Distance : 413 ft
Batting: LHB Alex Cruz 0-0: Called Strike
0-1: Ball
1-1: Foul Ball, location: 9LSF
1-2: Ball
2-2: Strikes out swinging
Batting: RHB Joe Hardie 0-0: SINGLE (Line Drive, 9S, EV 92.5 MPH)
Batting: LHB Ron Lenz 0-0: Called Strike
0-1: Ball
1-1: Ball
2-1: Ball
3-1: Swinging Strike
3-2: SINGLE (Groundball, P, EV 86.3 MPH) (infield hit)
Joe Hardie to second
Batting: RHB Johnny Curet 0-0: Ball
1-0: Called Strike
1-1: Called Strike
1-2: Fly out, F7 (Flyball, 7D, EV 105.6 MPH)
Runner from 2nd tags up, SAFE at 3rd with throw by LF
Batting: LHB Alex Miranda 0-0: Ball
1-0: Ball
2-0: Ball
3-0: Base on Balls
Ron Lenz to second
Batting: SHB Jamie Saxton 0-0: Fly out, F9 (Flyball, 9, EV 83.8 MPH)
Top of the 6th over - 1 run, 3 hits, 0 errors, 3 left on base; Milwaukee 1 - Philadelphia 3
BOTTOM OF THE 6TH
Philadelphia Phillies batting - Pitching for Milwaukee Brewers : LHP Mario Cisneros
Batting: RHB Luis Esquivel 0-0: Ball
1-0: Foul Ball, location: 3DF
1-1: Ball
2-1: Ball
3-1: Base on Balls
Batting: RHB Vicente Vargas 0-0: Ball
1-0: Called Strike
1-1: Ball
2-1: Ball
3-1: Called Strike
3-2: Foul Ball, location: 9LSF
3-2: Foul Ball, location: 5FF
3-2: Strikes out swinging
Batting: RHB Chad Larson 0-0: Ball
1-0: Called Strike
1-1: Called Strike
1-2: Strikes out looking
Batting: RHB Allan Alessi 0-0: Called Strike
0-1: Ball
1-1: Fly out, F7 (Line Drive, 7S, EV 86.3 MPH)
Bottom of the 6th over - 0 runs, 0 hits, 0 errors, 1 left on base; Milwaukee 1 - Philadelphia 3
TOP OF THE 7TH
Milwaukee Brewers batting - Pitching for Philadelphia Phillies : RHP Erik Roth
Batting: SHB Melvin Amezcua 0-0: Ball
1-0: Foul Ball, location: 9LMF
1-1: Ground out 4-3 (Groundball, 4, EV 81.3 MPH)
Batting: SHB Josh Harder 0-0: Called Strike
0-1: Fly out, F1 (Line Drive, P, EV 65.0 MPH)
Batting: RHB Byron Weaver 0-0: Called Strike
0-1: Ball
1-1: Foul Ball, location: 2F
1-2: Strikes out swinging
Top of the 7th over - 0 runs, 0 hits, 0 errors, 0 left on base; Milwaukee 1 - Philadelphia 3
BOTTOM OF THE 7TH
Philadelphia Phillies batting - Pitching for Milwaukee Brewers : LHP Mario Cisneros
Batting: RHB Aaron Marler 0-0: Ball
1-0: Ball
2-0: SINGLE (Groundball, 5S, EV 66.9 MPH) (infield hit)
Pitching: RHP Bob McDonald
Batting: RHB Josh Hester 0-0: Called Strike
0-1: Ball
1-1: Ball
2-1: Called Strike
2-2: Strikes out swinging
Batting: SHB Tim Spotton 0-0: Called Strike
0-1: 2-RUN HOME RUN (Flyball, 7LD, EV 91.9 MPH), Distance : 339 ft
Batting: RHB Ryan Klepper 0-0: Called Strike
0-1: DOUBLE (Line Drive, 7LM, EV 99.4 MPH)
Batting: SHB Pete Ray 0-0: Intentional Walk
Batting: RHB Luis Esquivel 0-0: Called Strike
0-1: Ball
1-1: Ball
2-1: Fly out, F9 (Flyball, 89S, EV 92.5 MPH)
Batting: RHB Vicente Vargas 0-0: Called Strike
0-1: Swinging Strike
0-2: Strikes out swinging
Bottom of the 7th over - 2 runs, 3 hits, 0 errors, 2 left on base; Milwaukee 1 - Philadelphia 5
TOP OF THE 8TH
Milwaukee Brewers batting - Pitching for Philadelphia Phillies : RHP Erik Roth
Batting: LHB Alex Cruz 0-0: Swinging Strike
0-1: Called Strike
0-2: Fly out, F7 (Flyball, 7D, EV 104.4 MPH)
Batting: RHB Joe Hardie 0-0: DOUBLE (Line Drive, 7LS, EV 93.1 MPH)
Batting: LHB Ron Lenz 0-0: Ball
1-0: Swinging Strike
1-1: Ball
2-1: Ball
3-1: Called Strike
3-2: Fly out, F6 (Popup, 4M, EV 57.5 MPH)
Pitching: LHP Eric House
Batting: RHB Johnny Curet 0-0: Called Strike
0-1: Called Strike
0-2: Foul Ball, location: 9LSFF
0-2: Foul Ball, location: 7LSF
0-2: Ball
1-2: Strikes out swinging
Top of the 8th over - 0 runs, 1 hit, 0 errors, 1 left on base; Milwaukee 1 - Philadelphia 5
BOTTOM OF THE 8TH
Philadelphia Phillies batting - Pitching for Milwaukee Brewers : RHP Bob McDonald
Batting: RHB Chad Larson 0-0: Fly out, F8 (Flyball, 8RM, EV 80.0 MPH)
Batting: RHB Allan Alessi 0-0: Called Strike
0-1: Ground out 5-3 (Groundball, 5, EV 87.5 MPH)
Batting: RHB Aaron Marler 0-0: Called Strike
0-1: Ball
1-1: Called Strike
1-2: Strikes out looking
Bottom of the 8th over - 0 runs, 0 hits, 0 errors, 0 left on base; Milwaukee 1 - Philadelphia 5
TOP OF THE 9TH
Milwaukee Brewers batting - Pitching for Philadelphia Phillies : LHP Eric House
Pinch Hitting: RHB Tyler Naberhaus 0-0: Ball
1-0: Ball
2-0: Ball
3-0: Base on Balls
Batting: SHB Jamie Saxton 0-0: Grounds into double play, 6-4-3 (Groundball, 6, EV 86.3 MPH)
Batting: SHB Melvin Amezcua 0-0: Swinging Strike
0-1: Called Strike
0-2: Foul Ball, location: 9LDF
0-2: Ball
1-2: Ball
2-2: Foul Ball, location: 2F
2-2: Fly out, F8 (Flyball, 89M, EV 98.8 MPH)
Top of the 9th over - 0 runs, 0 hits, 0 errors, 0 left on base; Milwaukee 1 - Philadelphia 5
Thursday, April 4th , 2024 - OOTP Baseball 24.11 Build 85